Map: Lightshade LE

Players

Massa

  • Race: Terran Terran
  • League: Platinum
  • Spawn Location: 5:00

Jackybauer - Winner!

  • Race: Zerg Zerg
  • Spawn Location: 11:00

VOD

Have the link to the VOD?

Description

Time

  • Played on: Nov. 9, 2020, 11:15 a.m.
  • Length: 19:01
Show
View Real Time Build Order
Export as new Build Order

Massa Terran 

Build Orders:  

Get SALT Encoding   

  12  0:00  SCV  
  13  0:12  SCV  
  14  0:21  Supply Depot  
  14  0:24  SCV  
  15  0:42  SCV  
  16  0:44  Barracks  
  16  0:48  Refinery  
  16  0:54  SCV  
  17  1:06  SCV  
  18  1:19  SCV  
  19  1:31  SCV  
  20  1:32  Reaper  
  20  1:38  Command Center  
  21  1:43  SCV  
  22  1:58  Orbital Command  
  22  2:04  Marine  
  23  2:26  Factory  
  23  2:28  Supply Depot  
  23  2:38  Barracks Reactor  
  23  2:44  Supply Depot  
  23  2:49  SCV  
  24  2:57  Orbital Command  
  24  3:01  SCV  
  25  3:19  SCV  
  26  3:22  Hellion, Marine x2  
  30  3:27  Supply Depot  
  30  3:31  SCV  
  31  3:39  Starport  
  31  3:40  Marine x2  
  33  3:43  Hellion, Engineering Bay  
  33  3:44  SCV x2  
  37  3:56  SCV x2  
  37  3:58  Marine  
  37  4:01  Command Center  
  40  4:05  Factory Tech Lab  
  40  4:08  SCV x2, Marine  
  45  4:24  Siege Tank  
  45  4:25  SCV x2  
  45  4:29  Marine  
  45  4:30  Marine  
  49  4:37  SCV x2  
  51  4:41  Supply Depot  
  51  4:46  Supply Depot  
  51  4:47  Marine x2  
  51  4:49  SCV x2  
  51  4:50  Starport Tech Lab  
  55  4:53  Barracks  
  55  5:01  SCV, Barracks  
  55  5:02  SCV  
  55  5:06  Refinery  
  57  5:09  Refinery  
  57  5:12  Refinery  
  57  5:13  SCV  
  57  5:14  SCV  
  59  5:18  Siege Tank  
  62  5:25  SCV  
  62  5:27  Missile Turret  
  63  5:37  Sensor Tower  
  63  5:44  SCV x2  
  63  5:49  Marine x2, Missile Turret  
  67  5:55  Barracks Tech Lab x2  
  67  5:56  SCV x2  
  69  5:57  Missile Turret  
  69  6:01  Planetary Fortress  
  69  6:06  Marine  
  69  6:07  Marine  
  69  6:08  SCV x2  
  73  6:17  Marauder x2  
  77  6:18  Missile Turret  
  77  6:30  Supply Depot  
  77  6:32  SCV  
  78  6:33  SCV, Sensor Tower  
  78  6:38  Marauder x2  
  83  6:41  Command Center  
  83  6:42  Viking  
  83  6:44  SCV  
  83  6:45  SCV  
  87  6:51  Barracks, Terran Infantry Weapons Level 1  
  87  6:54  Supply Depot  
  87  6:57  SCV x3  
  87  7:00  Refinery  
  90  7:03  Refinery  
  90  7:05  Marauder  
  92  7:08  Concussive Shells  
  92  7:09  SCV x3  
  95  7:16  Supply Depot  
  95  7:21  SCV x3  
  98  7:31  Armory  
  98  7:37  Engineering Bay  
  78  7:46  Marauder x2, Marine  
  78  7:48  Siege Tank  
  76  7:56  Marine  
  74  8:05  Orbital Command, Marine  
  52  8:07  Marauder x2  
  52  8:10  Banshee  
  55  8:14  Marine  
  56  8:20  Siege Tank  
  56  8:23  Marine  
  58  8:32  Barracks Reactor  
  58  8:41  Marine  
  55  8:45  Terran Infantry Armor Level 1  
  51  8:59  Marine  
  51  9:02  Barracks Reactor  
  52  9:09  Orbital Command  
  48  9:13  Terran Infantry Weapons Level 2  
  49  9:18  Barracks  
  49  9:21  Barracks  
  46  9:26  Starport  
  41  9:36  Barracks  
  35  9:38  Barracks  
  35  9:41  SCV  
  32  9:53  SCV  
  32  9:59  SCV  
  32  10:06  SCV  
  33  10:11  SCV  
  33  10:18  SCV  
  32  10:23  SCV  
  32  10:25  Barracks Tech Lab  
  33  10:28  Starport Tech Lab  
  33  10:30  SCV  
  33  10:33  Barracks Tech Lab  
  34  10:35  SCV  
  35  10:47  SCV  
  36  11:00  SCV  
  36  11:01  Barracks Tech Lab  
  36  11:03  Marauder  
  43  11:04  Marauder  
  40  11:17  Marine  
  39  11:22  SCV  
  47  11:31  Barracks  
  45  11:34  SCV, Barracks  
  45  11:36  Barracks  
  45  11:39  Barracks  
  40  11:43  Planetary Fortress  
  40  11:46  SCV  
  33  11:58  SCV  
  34  12:04  Supply Depot  
  31  12:10  SCV, Supply Depot  
  32  12:17  SCV  
  32  12:22  SCV x2  
  35  12:28  Marine x2  
  35  12:29  SCV, Marine x2  
  40  12:34  SCV  
  41  12:44  Barracks  
  41  12:46  SCV, Barracks, Marine x4  
  44  12:59  Barracks  
  44  13:00  Barracks  
  44  13:03  Barracks  
  38  13:27  SCV  
  38  13:29  SCV  
  38  13:33  Barracks Tech Lab  
  39  13:34  Barracks Tech Lab  
  39  13:39  SCV  
  40  13:41  SCV  
  41  13:51  SCV  
  41  13:54  SCV  
  43  14:00  Refinery  
  43  14:04  SCV  
  43  14:06  SCV  
  44  14:14  Barracks Tech Lab x3  
  44  14:15  Marauder  
  44  14:16  SCV, Marauder  
  49  14:18  SCV  
  44  14:35  Orbital Command  
  44  14:37  Marauder x2  
  38  14:43  Refinery x2  
  38  14:44  Marauder x3  
  42  14:58  Marauder x2  
  46  15:05  Marauder  
  46  15:06  Marauder x2  
  52  15:07  SCV  
  53  15:19  SCV, Marauder  
  53  15:20  Marauder  
  58  15:27  Marauder x3  
  64  15:31  SCV  
  64  15:33  Barracks  
  64  15:40  Factory  
  64  15:41  Marauder x2  
  66  15:48  Marauder  
  70  16:04  Marauder x2  
  74  16:26  Orbital Command  
  67  16:41  Barracks  
  67  16:44  Barracks  
  65  16:52  Barracks  
  59  16:58  Barracks  
  58  17:02  Barracks  
  56  17:22  SCV  
  57  17:33  Barracks  
  57  17:34  SCV  
  57  17:36  Barracks  
  58  17:42  Bunker  
  58  17:45  Barracks  
  58  17:46  SCV, Bunker  
  59  17:58  Orbital Command, Marauder x2  
  63  17:59  Factory  
  63  18:08  Factory  
  63  18:11  SCV  
  64  18:19  Marauder  
  66  18:21  Bunker  
  66  18:23  SCV  
  66  18:25  Marauder  
  66  18:26  Marauder  
  75  18:49  Factory Tech Lab, Barracks  
  75  18:51  Factory Tech Lab  
  71  18:57  Factory  
Show
View Real Time Build Order
Export as new Build Order

Jackybauer Zerg - Winner!

Build Orders: Hatch First 

Get SALT Encoding   

  12  0:01  Drone  
  13  0:13  Overlord  
  13  0:18  Drone  
  14  0:32  Drone x2  
  14  0:35  Drone  
  17  0:54  Hatchery  
  16  1:09  Spawning Pool  
  16  1:10  Drone  
  16  1:18  Drone  
  16  1:19  Drone  
  16  1:24  Extractor  
  17  1:49  Overlord  
  17  1:51  Drone x2  
  19  2:00  Queen  
  21  2:02  Zergling x2  
  21  2:08  Queen  
  24  2:09  Drone  
  25  2:19  Drone  
  25  2:20  Drone  
  27  2:31  Drone  
  27  2:32  Metabolic Boost  
  27  2:34  Drone x2  
  30  2:42  Zergling x2  
  31  3:20  Drone x3  
  31  3:25  Zergling x4  
  31  3:27  Overlord x2  
  36  3:35  Drone, Roach Warren  
  36  3:45  Lair  
  36  3:47  Hatchery  
  36  3:48  Extractor  
  34  3:53  Zergling x6  
  37  4:10  Extractor  
  37  4:12  Drone x3  
  37  4:13  Drone x2  
  39  4:44  Drone x2  
  39  4:45  Drone x2  
  43  4:46  Roach x4  
  43  4:48  Overlord x2  
  43  4:51  Overseer  
  51  4:55  Overseer  
  51  4:59  Queen  
  53  5:06  Glial Reconstitution  
  53  5:18  Drone x2  
  53  5:19  Roach  
  53  5:20  Roach x4  
  65  5:22  Zergling x12  
  71  5:37  Roach  
  71  5:39  Overlord x3  
  73  6:16  Zergling x2  
  73  6:17  Roach x4  
  82  6:18  Overlord  
  82  6:19  Zergling x4, Roach  
  82  6:20  Roach x3  
  82  6:21  Drone x2  
  82  6:22  Overlord x4  
  94  6:48  Roach  
  94  6:49  Roach x3  
  94  6:50  Roach  
  94  6:51  Roach x4  
  94  6:53  Roach x3  
  79  8:01  Zergling x18  
  79  8:02  Zergling x2  
  79  8:03  Zergling x14  
  71  9:00  Hydralisk Den  
  53  9:42  Hydralisk x5  
  53  9:43  Hydralisk  
  61  9:46  Hydralisk x6  
  61  9:48  Hydralisk x7  
  61  9:49  Hydralisk x2  
  85  10:26  Overseer  
  77  12:19  Grooved Spines  
  77  12:24  Hydralisk  
  77  12:25  Hydralisk x4  
  77  12:27  Hydralisk  
  77  12:28  Hydralisk x3  
  77  12:29  Hydralisk x4  
  101  13:52  Spire  
  100  13:58  Drone x5  
  100  13:59  Overlord x4  
  100  14:00  Overlord  
  101  14:11  Zergling x10  
  89  15:08  Drone, Queen  
  89  15:09  Drone x3  
  89  15:11  Drone x5  
  89  15:13  Queen  
  102  15:20  Zergling x10  
  92  17:23  Zergling x8  
  92  17:24  Zergling x4  
  92  17:25  Zergling x4  
  92  17:26  Zergling x6  
  103  17:59  Zergling x2  
  103  18:00  Zergling x6  
  103  18:02  Mutalisk  
  103  18:03  Mutalisk x3  
  103  18:05  Mutalisk x5  
  125  18:34  Hatchery  
Tags
 
League
Platinum
Matchup
TvZ
Replay Pack
Multiplayer
Spawn Locations
Cross Positions
Add a new tag
Caveats
  • Supply blocks, unpowered buildings, or Contaminate may cause inaccurate times.
  • Supply counts are checked every 10 seconds.